Map: 세종과학기지 - 래더

Players

uthermy (uThermal)

  • Race: Terran Terran

hydra - Winner!

  • Race: Zerg Zerg
  • League: Platinum

Event: DreamHack ZOWIE Open Valencia 2016

VOD

Have the link to the VOD?

Description

Time

  • Played on: July 14, 2016, 2:02 p.m.
  • Length: 6:18

All games in this series

Show
View Real Time Build Order
Export as new Build Order

uthermy Terran 

Build Orders:  

Get SALT Encoding   

  12  0:01  SCV  
  13  0:13  SCV  
  14  0:17  Supply Depot  
  14  0:25  SCV  
  15  0:39  SCV  
  15  0:41  Barracks  
  16  0:44  Refinery  
  16  0:51  SCV  
  17  1:03  SCV  
  18  1:15  SCV  
  19  1:28  Orbital Command, Barracks Reactor  
  19  1:41  Command Center  
  19  1:53  Supply Depot  
  19  1:54  SCV  
  20  2:04  Marine x2  
  20  2:06  SCV  
  23  2:12  Factory  
  23  2:18  SCV  
  23  2:22  Marine  
  25  2:23  Marine  
  26  2:30  SCV  
  27  2:38  Refinery  
  27  2:39  Marine  
  27  2:40  Marine  
  27  2:42  SCV  
  30  2:54  SCV, Orbital Command  
  30  2:57  Marine  
  30  2:58  Starport  
  32  3:00  Marine  
  32  3:05  Factory Reactor  
  33  3:06  SCV  
  34  3:15  Marine  
  34  3:18  Marine  
  34  3:19  SCV  
  37  3:20  Supply Depot  
  37  3:23  SCV  
  38  3:31  SCV  
  38  3:33  Marine  
  40  3:36  Marine  
  40  3:38  SCV  
  42  3:45  Medivac x2  
  42  3:47  Widow Mine  
  48  3:51  Marine  
  48  3:53  Supply Depot  
  48  3:54  SCV, Marine  
  48  3:55  SCV  
  52  4:02  Refinery  
  52  4:06  SCV  
  52  4:07  SCV  
  52  4:09  Bunker  
  54  4:14  Marine x2  
  56  4:22  SCV, Liberator  
  56  4:23  SCV  
  58  4:29  Supply Depot  
  58  4:34  Liberator  
  58  4:35  Command Center  
  61  4:49  Supply Depot  
  64  4:57  SCV  
  64  4:59  SCV  
  66  5:00  Supply Depot  
  66  5:02  Barracks Tech Lab  
  61  5:12  SCV x2  
  61  5:14  Barracks  
  61  5:15  Barracks  
  61  5:20  Engineering Bay  
  61  5:21  Marine, Engineering Bay  
  61  5:24  SCV  
  61  5:25  SCV  
  62  5:29  Factory Tech Lab  
  62  5:31  Refinery  
  61  5:36  SCV  
  61  5:37  SCV  
  61  5:39  Marine  
  64  5:48  SCV  
  64  5:49  SCV  
  66  5:53  Starport Reactor  
  66  6:00  SCV, Barracks  
  66  6:02  Barracks  
Show
View Real Time Build Order
Export as new Build Order

hydra Zerg - Winner!

Build Orders: Hatch First 

Get SALT Encoding   

  12  0:00  Drone  
  13  0:12  Overlord  
  13  0:17  Drone  
  14  0:30  Drone x2  
  14  0:34  Drone  
  17  0:51  Hatchery  
  17  0:53  Drone  
  18  0:57  Drone  
  18  1:05  Extractor  
  17  1:13  Spawning Pool  
  17  1:15  Drone  
  17  1:18  Drone  
  18  1:27  Drone  
  19  1:38  Overlord  
  19  1:59  Queen  
  19  2:00  Zergling x4  
  23  2:03  Queen  
  23  2:05  Metabolic Boost  
  25  2:10  Drone  
  26  2:15  Drone  
  26  2:17  Drone  
  26  2:21  Drone  
  29  2:25  Drone  
  30  2:32  Drone  
  30  2:35  Drone, Queen  
  34  2:42  Overlord  
  34  2:44  Pneumatized Carapace  
  34  2:47  Drone  
  35  2:53  Drone  
  35  2:56  Overlord  
  36  3:07  Drone x4  
  36  3:08  Drone  
  36  3:10  Zergling x4  
  36  3:12  Drone  
  44  3:16  Drone  
  44  3:19  Drone  
  46  3:29  Hatchery  
  45  3:35  Queen  
  45  3:40  Drone  
  48  3:43  Drone, Roach Warren  
  48  3:45  Drone  
  49  3:49  Overlord  
  49  3:52  Extractor x2  
  49  3:54  Drone  
  48  3:55  Drone  
  48  3:57  Overlord  
  49  4:03  Drone  
  49  4:06  Lair, Drone  
  51  4:10  Overlord  
  51  4:22  Roach  
  51  4:23  Roach x4  
  61  4:28  Roach x2  
  65  4:34  Spore Crawler  
  65  4:35  Drone x2  
  65  4:36  Drone  
  65  4:37  Drone, Extractor  
  67  4:41  Roach  
  67  4:45  Ravager x2  
  71  4:48  Zergling x6  
  71  4:49  Zergling x2  
  75  4:55  Drone  
  76  5:04  Drone  
  76  5:05  Drone  
  76  5:06  Drone x3  
  76  5:07  Drone  
  80  5:11  Drone  
  81  5:14  Overseer  
  81  5:15  Drone  
  81  5:23  Evolution Chamber x2  
  79  5:29  Drone  
  80  5:35  Overlord  
  80  5:36  Overlord  
  80  5:39  Overseer  
  80  5:46  Drone  
  81  5:51  Infestation Pit  
  81  5:54  Drone, Spore Crawler  
  81  5:55  Drone  
  81  5:57  Drone, Spore Crawler  
  81  5:59  Drone x3  
  81  6:00  Drone x2  

Tags
 
Add a new tag
Caveats
  • Supply blocks, unpowered buildings, or Contaminate may cause inaccurate times.
  • Supply counts are checked every 10 seconds.